 Dungeon Crawl Stone Soup version 0.28.0-49-g6dfe1f597d (webtiles) character file.

Game seed: 9092214587277663006

182 Zeld the Chopper (level 5, -1/72 HPs)
             Began as a Minotaur Berserker on May 11, 2022.
             Was a Priest of Trog.
             Slain by an orc wizard
             ... wielding a +0 dagger
              (3 damage)
             ... on level 3 of the Dungeon.
             The game lasted 00:02:04 (2875 turns).

Zeld the Chopper (Minotaur Berserker)               Turns: 2875, Time: 00:02:04

Health: -1/72      AC:  2    Str: 23    XL:     5   Next: 34%
Magic:  4/4        EV: 12    Int:  4    God:    Trog [***...]
Gold:   168        SH:  0    Dex: 10    Spells: 4/4 levels left

rFire   . . .      SeeInvis .   a - +0 hand axe
rCold   . . .      Faith    .   (no shield)
rNeg    . . .      Spirit   .   b - +0 animal skin
rPois   .          Reflect  .   (helmet restricted)
rElec   .          Harm     .   (no cloak)
rCorr   .          Rampage  .   (no gloves)
Will    .....                   (no boots)
Stlth   ..........              (no amulet)
HPRegen 0.22/turn               (no ring)
MPRegen 0.09/turn               (no ring)

@: berserking, very quick
A: horns 2, retaliatory headbutt
a: Renounce Religion, Berserk, Trog's Hand


You were on level 3 of the Dungeon.
You worshipped Trog.
Trog was most pleased with you.
You visited 1 branch of the dungeon, and saw 3 of its levels.

You collected 168 gold pieces.

Inventory:

Hand Weapons
 a - a +0 hand axe (weapon)
Armour
 b - a +0 animal skin (worn)
Scrolls
 c - 3 scrolls of identify {unknown}
 d - a scroll of acquirement {unknown}
 e - a scroll of noise {unknown}
Potions
 f - a potion of cancellation {unknown}


   Skills:
 * Level 5.1 Fighting
 * Level 5.2 Axes
 + Level 3.4 Armour
 + Level 3.2 Dodging


You had 4 spell levels left.
You didn't know any spells.
Your spell library was empty.

Dungeon Overview and Level Annotations

Branches:
Dungeon (3/15)

Altars:
Vehumet


Innate Abilities, Weirdness & Mutations

You have a pair of horns on your head.
You reflexively headbutt those who attack you in melee.


Message History

Unknown command.
You closely miss something. You completely miss the orc.
The orc barely misses you. The orc closely misses you.
You hear some strange, mumbled words.
A puff of flame appears from out of thin air!
The puff of flame hits you!
* * * LOW HITPOINT WARNING * * *
Unknown command.
A red film seems to cover your vision as you go berserk!
You feel yourself moving faster!
You feel mighty! The orc closely misses you. You furiously retaliate!
You headbutt the orc.
The orc hits you from afar with a +0 trident.
* * * LOW HITPOINT WARNING * * *
You hear some strange, mumbled words.
A puff of flame appears from out of thin air!
The puff of flame hits you.
* * * LOW HITPOINT WARNING * * *
You closely miss something. Your headbutt misses something. You hit the orc.
The orc hits you with a +0 whip.
* * * LOW HITPOINT WARNING * * *
Unknown command.
You barely miss something. Your headbutt misses something. You slash the orc!
You kill the orc!
Trog accepts your kill. The orc barely misses you.
You hear some strange, mumbled words.
Something tries to affect you, but you resist.
Unknown command.
The orc hits you with a +0 trident.
* * * LOW HITPOINT WARNING * * *
Something hits you.
* * * LOW HITPOINT WARNING * * *
Things that are here:
a +0 hand axe; a +0 leather armour You barely miss the orc.
Your headbutt misses the orc. You hit something. The orc barely misses you.
You furiously retaliate!
You headbutt the orc!!
You kill the orc!
Trog accepts your kill. Something hits you.
You die...

#.#.##.......
#.#.##.......
###.#..........
#...#...>......
###.##..###..#...
###.......# ##.#.#.
######.....###.#
##...#. #......).###
#.###......
####..@{.####..........
#.....)................
#.......########.......
#.......# ##......
#.......# ##....#.
#.....>.# #####.....##
############.....#<#.##
#..........#.##
#.##..######.##


There were no monsters in sight!

Vanquished Creatures
  Jessica (D:2)
  Robin (D:2)
  4 adders
  A dart slug (D:1)
  8 orcs (D:3)
  10 ball pythons
  12 endoplasms
  4 giant cockroaches
  12 goblins
  10 hobgoblins
  5 kobolds
  7 quokkas
  5 bats
  5 frilled lizards
  6 rats
91 creatures vanquished.

Notes
Turn   | Place    | Note
-------+----------+-------------------------------------------
     0 | D:1      | Zeld the Minotaur Berserker began the quest for the Orb.
     0 | D:1      | Reached XP level 1. HP: 19/19 MP: 0/0
   239 | D:1      | Reached XP level 2. HP: 23/27 MP: 1/1
   498 | D:1      | Reached ** piety under Trog
   883 | D:1      | Reached XP level 3. HP: 30/33 MP: 2/2
  1328 | D:2      | Reached XP level 4. HP: 16/41 MP: 3/3
  1715 | D:2      | Noticed Robin
  1730 | D:2      | Killed Robin
  2005 | D:2      | Noticed Jessica
  2014 | D:2      | Killed Jessica
  2014 | D:2      | Reached *** piety under Trog
  2579 | D:3      | Reached skill level 5 in Axes
  2580 | D:3      | Reached XP level 5. HP: 46/47 MP: 4/4
  2590 | D:3      | Reached skill level 5 in Fighting
  2740 | D:3      | Found a radiant altar of Vehumet.
  2874 | D:3      | HP: 2/72 [something (3)]
  2875 | D:3      | Slain by an orc wizard

Illustrated notes

Levels and vault maps discovered:
D:1:      dpeg_chamrin_arrival_tetris, layout_basic
D:2:      layout_basic, uniq_jessica, uniq_robin
D:3:      layout_rooms, old_standard_altar

Skill      XL: |  1  2  3  4  5 |
---------------+----------------+-----
Fighting       | 4 5 |  5.1
Axes           | 4 5 |  5.2
Armour         | 3 |  3.4
Dodging        | 3 |  3.2

Action                   |  1- 3 |  4- 6 || total
-------------------------+-------+-------++-------
Melee: Hand axe          |    77 |    81 ||   158
       Headbutt          |    16 |    11 ||    27
       Punch             |     2 |       ||     2
Invok: Berserk           |       |     1 ||     1
 Stab: Sleeping          |       |     1 ||     1
Armor: Animal skin       |    18 |     9 ||    27
Dodge: Dodged            |    42 |    54 ||    96
